Map: Rifts to Korhal

Players

NamroodTuo

  • Race: Terran Terran

УрфинДжус

  • Race: Protoss Protoss
  • Spawn Location: 7:00

VOD

Have the link to the VOD?

Description

Time

  • Played on: June 9, 2023, 5:09 a.m.
  • Length: 21:26
Show
View Real Time Build Order
Export as new Build Order

NamroodTuo Terran 

Build Orders:  

Get SALT Encoding   

  12  0:04  SCV  
  13  0:21  SCV  
  14  0:32  Refinery  
  14  0:38  SCV  
  15  0:40  Refinery  
  15  0:55  SCV  
  16  1:02  Engineering Bay  
  16  1:12  SCV  
  17  1:29  SCV  
  18  1:39  Engineering Bay  
  18  1:46  SCV  
  19  1:54  Outlaw Weapons Level 1  
  19  2:03  SCV  
  20  2:16  Outlaw Life and Armor Level 1  
  20  2:20  SCV  
  21  2:37  SCV  
  22  2:59  SCV  
  23  3:01  Tychus  
  23  3:11  Gunslingers Hideout  
  23  3:31  Command Center  
  23  3:50  SCV  
  24  4:07  SCV  
  25  4:10  Outlaw Weapons Level 2  
  25  4:22  Outlaw Life and Armor Level 2  
  25  4:25  SCV  
  26  4:42  SCV  
  27  4:59  SCV  
  28  5:16  SCV  
  29  5:24  James Sirius Sykes  
  29  5:25  Command Center  
  39  6:13  SCV  
  40  6:30  Endurance Supplements, SCV  
  41  6:42  ITC-E Triggers  
  41  6:44  Muscle Armory  
  41  6:47  SCV  
  41  6:49  SCV  
  43  6:51  Medivac Platform  
  43  7:04  SCV  
  43  7:06  SCV  
  45  7:21  SCV  
  45  7:23  SCV  
  47  7:38  SCV  
  48  7:55  SCV  
  48  7:58  Refinery  
  49  8:12  Outlaw Weapons Level 3, SCV, Refinery  
  50  8:28  SCV  
  51  8:45  SCV  
  51  8:49  SCV  
  53  8:57  Rob Cannonball Boswell  
  63  9:02  SCV  
  63  9:06  SCV  
  65  9:19  SCV  
  66  9:23  SCV  
  67  9:40  SCV  
  67  9:46  SCV  
  69  9:57  SCV  
  70  10:03  Fixers Safehouse, SCV  
  70  10:06  Kev Rattlesnake West  
  81  10:20  SCV  
  81  10:26  Flashforce GDM Visor  
  82  10:37  SCV  
  83  10:52  Outlaw Life and Armor Level 3  
  83  10:54  SCV  
  84  11:56  Big Red Button  
  84  12:12  Secret Stash Stimpack  
  84  12:13  Moebius Aggression Blend, Umojan Signal Modulator  
  84  12:55  Vega  
  94  13:32  Outlaw Weapons Level 4  
  94  15:47  Outlaw Life and Armor Level 4  
  94  15:50  X-71 Impact Boots  
  94  15:51  Hammer Munitions, Redline Power Cells  
  94  15:52  Critical Response System  
  94  15:57  D99 Detonator  
  94  18:39  MALICE Ammunition  
  94  18:41  Kel-Morian Ripper Rounds, KD9a Implosion Core  
  94  18:42  SA-55 Thunderbolt Missiles, Vanadium Shell  
  94  19:19  Moebius M34 Terror Rounds  
  94  20:29  SureShot Networked Helmet  
Show
View Real Time Build Order
Export as new Build Order

УрфинДжус Protoss 

Build Orders:  

Get SALT Encoding   

  12  0:04  Probe (Chrono Boost)  
  13  0:18  Probe (Chrono Boost)  
  14  0:43  Pylon  
  14  0:53  Pylon  
  14  0:59  Pylon  
  14  1:10  Pylon  
  14  1:19  Pylon  
  14  1:30  Pylon  
  14  1:39  Probe (Chrono Boost), Pylon  
  15  2:00  Pylon  
  15  2:15  Assimilator  
  15  2:22  Assimilator  
  15  2:43  Gateway  
  15  2:46  Gateway  
  15  3:01  Gateway  
  15  3:15  Forge  
  15  3:23  Forge  
  15  3:46  Kaldalis' A.I. Personality  
  15  4:18  Legionnaire x2  
  21  4:48  Legionnaire x2  
  27  5:18  Legionnaire  
  30  6:32  Legionnaire  
  30  6:33  Legionnaire  
  37  6:42  Probe (Chrono Boost)  
  37  6:59  Probe (Chrono Boost)  
  38  7:02  Legionnaire  
  38  7:03  Legionnaire  
  44  7:32  Legionnaire  
  44  7:33  Legionnaire  
  50  8:02  Legionnaire x2  
  50  8:07  Photon Cannon  
  56  8:22  Photon Cannon  
  56  8:36  Probe (Chrono Boost)  
  57  8:53  Probe (Chrono Boost)  
  59  9:10  Probe (Chrono Boost)  
  59  9:27  Probe (Chrono Boost)  
  60  9:37  Nexus  
  60  9:45  Assimilator  
  60  9:57  Assimilator  
  60  10:58  Probe (Chrono Boost)  
  61  11:15  Probe (Chrono Boost)  
  62  11:22  Probe (Chrono Boost)  
  64  11:32  Probe (Chrono Boost)  
  64  11:36  Probe (Chrono Boost)  
  65  11:49  Probe x2 (Chrono Boost)  
  66  11:59  Protoss Ground Weapons Level 1  
  67  12:03  Probe (Chrono Boost)  
  67  12:04  A Strong Heart  
  67  12:06  Probe (Chrono Boost)  
  69  12:17  Probe (Chrono Boost)  
  70  12:23  Probe (Chrono Boost)  
  72  12:40  Probe (Chrono Boost), Photon Cannon  
  72  12:44  Photon Cannon  
  72  12:47  Photon Cannon  
  72  12:57  Probe (Chrono Boost)  
  73  13:01  Photon Cannon  
  73  13:02  Photon Cannon  
  73  13:10  Photon Cannon  
  73  13:16  Photon Cannon  
  73  13:30  Photon Cannon  
  73  13:33  Photon Cannon  
  73  13:45  Photon Cannon  
  73  14:02  Probe (Chrono Boost)  
  74  14:16  Probe (Chrono Boost)  
  74  14:19  Pylon  
  88  14:30  Probe (Chrono Boost)  
  75  14:39  Protoss Ground Armor Level 1  
  76  14:43  Probe (Chrono Boost)  
  77  14:57  Probe (Chrono Boost)  
  78  15:02  Cybernetics Core  
  78  15:16  Photon Cannon  
  78  15:19  Photon Cannon  
  78  15:24  Photon Cannon  
  78  15:30  Photon Cannon  
  78  15:37  Photon Cannon  
  78  15:43  Photon Cannon  
  78  15:51  Photon Cannon  
  78  16:31  Photon Cannon  
  78  16:39  Photon Cannon  
  78  16:48  Stargate  
  78  16:52  Twilight Council  
  78  16:58  Robotics Facility  
  78  17:12  Talis' A.I. Personality  
  78  17:19  Protoss Shields Level 1  
  79  17:21  Probe (Chrono Boost)  
  79  17:28  Adept  
  81  17:34  Adept  
  81  17:38  Probe (Chrono Boost)  
  84  17:55  Probe (Chrono Boost)  
  84  17:58  Fleet Beacon  
  85  18:06  Adept  
  87  18:10  Robotics Bay  
  87  18:12  Probe (Chrono Boost), Adept  
  87  18:18  Charge  
  90  18:29  Probe (Chrono Boost)  
  91  18:44  Adept  
  93  18:50  Adept  
  95  19:01  Combat Sensor Array  
  95  19:18  Psionic Projection  
  101  19:40  Pylon  
  101  19:41  Pylon  
  101  19:47  Pylon  
  101  19:54  Gravitic Boosters  
  101  20:05  Adept  
  101  20:06  Adept  
  111  20:19  Pylon  
  111  20:30  Pylon  
  111  20:37  Pylon  
  115  21:10  Pylon  
Tags
 
Commander
FenixTychus
Matchup
Co-op
Replay Pack
Multiplayer
Add a new tag
Caveats
  • Supply blocks, unpowered buildings, or Contaminate may cause inaccurate times.
  • Supply counts are checked every 10 seconds.